 Seeded DCSS version 0.29.1-15-g9cfb28693d (webtiles) character file.

Game seed: 10772915034647449036 (custom seed)

354 GigaChad the Trooper (level 6, -4/56 HPs)
             Began as a Minotaur Fighter on Mar 13, 2023.
             Slain by an ogre
             ... wielding a +0 giant spiked club
              (26 damage)
             ... on level 4 of the Dungeon.
             The game lasted 00:05:38 (3263 turns).

GigaChad the Trooper (Minotaur Fighter)             Turns: 3263, Time: 00:05:39

Health: -4/56      AC: 11    Str: 23    XL:     6   Next: 35%
Magic:  5/5        EV:  8    Int:  5    God:
Gold:   160        SH:  4    Dex:  9    Spells: 5/5 levels left

rFire   . . .      SeeInvis .   a - +0 war axe (vamp)
rCold   . . .      Faith    .   c - +0 buckler
rNeg    . . .      Spirit   .   n - +0 chain mail
rPois   .          Reflect  .   (helmet restricted)
rElec   .          Harm     .   q - +0 cloak
rCorr   .          Rampage  .   (no gloves)
Will    .....                   (no boots)
Stlth   ..........              (no amulet)
HPRegen 0.18/turn               (no ring)
MPRegen 0.09/turn               (no ring)

@: no status effects
A: horns 2, retaliatory headbutt
a: no special abilities


You were on level 4 of the Dungeon.
You visited 1 branch of the dungeon, and saw 4 of its levels.

You collected 160 gold pieces.

Inventory:

Hand Weapons
 a - a +0 vampiric war axe (weapon)
 p - a +3 quarterstaff of chaos
Armour
 b - a +0 scale mail
 c - a +0 buckler (worn)
 n - a +0 chain mail (worn)
 q - a +0 cloak (worn)
Wands
 m - a wand of flame (16)
 o - a wand of digging (2)
Scrolls
 g - a scroll of teleportation
 h - a scroll of butterflies {unknown}
 i - a scroll of enchant armour
 j - 2 scrolls of identify
Potions
 d - 3 potions of might
 e - 3 potions of curing {unknown}
 f - a potion of magic {unknown}
 k - a potion of heal wounds {unknown}
 l - a potion of lignification {unknown}


   Skills:
 + Level 5.3 Fighting
 + Level 5.1 Axes
 + Level 4.9 Armour
 + Level 1.7 Dodging
 + Level 0.1 Stealth
 + Level 4.6 Shields


You had 5 spell levels left.
You didn't know any spells.
Your spell library contained the following spells:

 Spells                   Type           Power      Damage    Failure   Level
 Slow                     Hex            0%         N/A       99%         1
 Summon Small Mammal      Summ           0%         N/A       99%         1
 Call Canine Familiar     Summ           0%         N/A       100%        3
 Confusing Touch          Hex            0%         N/A       100%        3
 Portal Projectile        Hex/Tloc       0%         N/A       100%        3
 Summon Guardian Golem    Hex/Summ       0%         N/A       100%        3
 Tukima's Dance           Hex            0%         N/A       100%        3
 Vampiric Draining        Necr           0%         2d6       100%        3
 Blade Hands              Tmut           0%         N/A       100%        5


Dungeon Overview and Level Annotations

Branches:
Dungeon (4/15)
 Temple: D:4-7

Altars:


Innate Abilities, Weirdness & Mutations

You have a pair of horns on your head.
You reflexively headbutt those who attack you in melee.


Message History

You closely miss Crazy Yiuf. You headbutt Crazy Yiuf.
Crazy Yiuf is lightly wounded.
Crazy Yiuf barely misses you.
You slash Crazy Yiuf! You headbutt Crazy Yiuf!
You kill Crazy Yiuf!
There is an open translucent door, spattered with blood here.
Things that are here:
a +3 quarterstaff of chaos; a +0 cloak; the gnoll corpse of Crazy Yiuf
There is an open translucent door, spattered with blood here.
Things that are here:
a +3 quarterstaff of chaos; a +0 cloak; the gnoll corpse of Crazy Yiuf
p - a +3 quarterstaff of chaos;
q - a +0 cloak You start putting on your armour.
You continue putting on your +0 cloak. x4
You finish putting on your +0 cloak.
Welcome back, GigaChad the Minotaur Fighter.
Game seed: 10772915034647449036 (custom seed) Press ? for a list of commands and other information.
An ogre comes into view. It is wielding a +0 giant spiked club.
An ogre is nearby!
An ogre is nearby!
An ogre is nearby!
The ogre shouts!
You hit the ogre. Your headbutt misses the ogre.
The ogre is moderately wounded.
You block the ogre's attack.
You hit the ogre.
The ogre is heavily wounded.
The ogre hits you with a +0 giant spiked club!!
You slash the ogre! You headbutt the ogre.
The ogre is almost dead.
You barely miss the ogre.
The ogre is almost dead.
The ogre barely misses you.
You completely miss the ogre.
The ogre is almost dead.
The ogre hits you with a +0 giant spiked club!
You closely miss the ogre.
The ogre is almost dead.
The ogre hits you with a +0 giant spiked club!!
You die...

.....'...>...#.....#.## #.....#[
.....#.......##...###.. ##...###
.....#...##########........###...
.....#...#.......................
.....#...#.......................
.....#...#......>[.##'###########
.....#...#.....$...'...
.....#...#.........#
#'####...###....@O.#
...........#.......#
.<.........#......##
...........#......#
...........#......#
...........#......##♣♣ #####
....[...)..#......#.P♣♣ ♣♣#..)#
...........'........PP♣♣♣♣.†...#
############...........♣..♣#...#


You could see an ogre.

Vanquished Creatures
  A necrophage (D:4)
  2 scorpions (D:4)
  Crazy Yiuf (D:4)
  Ijyb (D:3)
  5 adders
  A worm (D:2)
  3 dart slugs
  4 bats
  8 endoplasms
  3 giant cockroaches
  9 goblins
  10 hobgoblins
  4 jackals
  A quokka (D:1)
  5 ball pythons
  A frilled lizard (D:2)
  8 kobolds
  6 rats
73 creatures vanquished.

Notes
Turn   | Place    | Note
-------+----------+-------------------------------------------
     0 | D:1      | GigaChad the Minotaur Fighter began the quest for the Orb.
     0 | D:1      | Reached XP level 1. HP: 19/19 MP: 0/0
   130 | D:1      | Found a faded altar of an unknown god.
   140 | D:1      | Reached XP level 2. HP: 27/27 MP: 1/1
   903 | D:2      | Reached XP level 3. HP: 29/33 MP: 2/2
  1632 | D:2      | Reached XP level 4. HP: 26/41 MP: 3/3
  1762 | D:2      | Reached skill level 1 in Dodging
  1954 | D:3      | Noticed Ijyb
  1961 | D:3      | Killed Ijyb
  1962 | D:3      | Reached skill level 5 in Fighting
  2461 | D:3      | Reached XP level 5. HP: 48/48 MP: 4/4
  2978 | D:4      | Reached XP level 6. HP: 53/56 MP: 5/5
  3034 | D:4      | Reached skill level 5 in Axes
  3203 | D:4      | Found a runed translucent door.
  3204 | D:4      | Noticed Crazy Yiuf
  3231 | D:4      | Killed Crazy Yiuf
  3263 | D:4      | Slain by an ogre

Illustrated notes

Levels and vault maps discovered:
D:1:      lightli_arrival_boilingwater, layout_basic,
          hellmonk_ecumenical_altar_zigzags, st_stairs_10
D:2:      layout_basic
D:3:      layout_basic, hex_large, minivault_11, uniq_ijyb
D:4:      nicolae_cairo_tiling, layout_gridville, moated_statue,
          nicolae_concentric_dashed_squares_wild, uniq_crazy_yiuf_cottage

Skill      XL: |  1  2  3  4  5  6 |
---------------+-------------------+-----
Fighting       | 4 5 |  5.3
Shields        | 4 |  4.6
Axes           | 3 4 5 |  5.1
Armour         | 4 |  4.9
Dodging        | 1 |  1.7
Stealth        | |  0.1

Action                   |  1- 3 |  4- 6 || total
-------------------------+-------+-------++-------
Melee: War axe           |    86 |    92 ||   178
       Headbutt          |     9 |    12 ||    21
  Use: Scroll            |       |     4 ||     4
Armor: Scale mail        |    49 |    17 ||    66
       Chain mail        |       |    15 ||    15
Dodge: Dodged            |    44 |    39 ||    83
Block: Buckler           |    18 |    19 ||    37
